 Dungeon Crawl Stone Soup version 0.29.1-13-g9f3cf754e1 (webtiles) character file.

Game seed: 12181947157843011

262 growler the Insei (level 6, -1/38 HPs)
             Began as an Octopode Transmuter on Jan 21, 2023.
             Slain by Dowan
             ... wielding a +0 dagger
              (6 damage)
             ... on level 4 of the Dungeon.
             The game lasted 00:05:48 (4435 turns).

growler the Insei (Octopode Transmuter)             Turns: 4435, Time: 00:05:48

Health: -1/38      AC:  2    Str: 11    XL:     6   Next: 18%
Magic:  7/10       EV: 19    Int: 16    God:
Gold:   85         SH:  0    Dex: 17    Spells: 7/11 levels left

rFire   . . .      SeeInvis .     - Unarmed
rCold   . . .      Faith    .   (shield currently unavailable)
rNeg    . . .      Spirit   .   (helmet currently unavailable)
rPois   x          Reflect  .   (no amulet)
rElec   .          Harm     .   (no ring)
rCorr   .          Rampage  .   (no ring)
Will    .....                   (no ring)
Stlth   ++........              (no ring)
HPRegen 0.12/turn               (no ring)
MPRegen 0.12/turn               (no ring)
                                (no ring)
                                (no ring)

@: spider-form (expiring), studying Throwing
A: venomous fangs, almost no armour, (amphibious), 8 rings, tiny, (camouflage
1), (gelatinous body 1), (nimble swimmer 1), (tentacles)
a: End Transformation


You were on level 4 of the Dungeon.
You were a venomous arachnid creature.
You visited 1 branch of the dungeon, and saw 4 of its levels.

You collected 85 gold pieces.

Inventory:

Scrolls
 c - 2 scrolls of identify {unknown}
 d - 2 scrolls of enchant weapon {unknown}
 f - a scroll of noise {unknown}
 i - a scroll of brand weapon {unknown}
 j - a scroll of teleportation {unknown}
 l - a scroll of torment {unknown}
 n - 2 scrolls of immolation {unknown}
Potions
 a - a potion of lignification
 b - a potion of degeneration {unknown}
 e - a potion of attraction {unknown}
 g - 2 potions of might {unknown}
 h - a potion of magic {unknown}
 m - a potion of mutation {unknown}
 o - a potion of ambrosia {unknown}


   Skills:
 - Level 1.0 Fighting
 - Level 2.0 Dodging
 * Level 5.2 Unarmed Combat
 + Level 3.3 Spellcasting
 + Level 3.5 Transmutations


You had 7 spell levels left.
You knew the following spells:

 Your Spells              Type           Power      Damage    Failure   Level
a - Beastly Appendage     Tmut           26%        N/A       13%         1
b - Spider Form           Tmut/Pois      8%         N/A       47%         3

Your spell library contained the following spells:

 Spells                   Type           Power      Damage    Failure   Level
 Wereblood                Tmut           13%        N/A       17%         2
 Sting                    Tmut/Pois      32%        1d4       22%         1
 Apportation              Tloc           4%         N/A       38%         1
 Necrotise                Necr           8%         1d4       38%         1
 Summon Small Mammal      Summ           8%         N/A       38%         1
 Poisonous Vapours        Pois/Air       4%         N/A       50%         2
 Ignite Poison            Fire/Tmut/Pois 6%         N/A       54%         3
 Call Canine Familiar     Summ           2%         N/A       71%         3
 Conjure Flame            Conj/Fire      2%         6-21      71%         3
 Summon Guardian Golem    Hex/Summ       2%         N/A       71%         3
 Ice Form                 Ice/Tmut       8%         N/A       83%         4
 Olgreb's Toxic Radiance  Pois           2%         N/A       96%         4
 Sticky Flame             Conj/Fire      2%         2d3       96%         4


Dungeon Overview and Level Annotations

Branches:
Dungeon (4/15)
 Temple: D:4-7

Altars:
Elyvilon
Qazlal

Annotations:
D:4 Dowan


Innate Abilities, Weirdness & Mutations

You are a venomous arachnid creature.
You have poisonous fangs.
You are tiny and dextrous.
Your spellcasting is less reliable in this form.
Your armour is entirely melded.
You are incapable of wielding weapons or throwing items.
You cannot wear most types of armour.
((You are amphibious.))
You can wear up to eight rings at the same time.
((Your skin changes colour to match your surroundings (Stealth+).))
((Your rubbery body absorbs attacks. (AC +1, EV +1)))
((You are camouflaged when in or above water. (Stealth+)))
((You have tentacles for arms and can constrict up to eight enemies at once.))


Message History

You are lethally poisoned!
Really quaff the potion of lignification?
Okay, then.
It was a potion of curing.
You feel better.
Duvessa hits you with a +1 rapier of venom!
You are lethally poisoned!
The orc misses you.
You hit Duvessa.
Duvessa looks as sick as possible!
Duvessa is severely wounded.
You feel extremely sick. The orc misses you. Duvessa completely misses you.
Dowan barely misses you.
You bite Duvessa!
You kill Duvessa!
Dowan seems overcome with grief.
Dowan seems to find hidden reserves of power!
Your transformation is almost over.
* * * LOW HITPOINT WARNING * * *
You feel very sick. Dowan misses you. The orc misses you.
Your Unarmed Combat skill increases to level 5!
You have reached level 6!
You feel better. Dowan completely misses you. Dowan hits you with a +0 dagger.
The orc misses you.
You hit Dowan but do no damage.
Dowan is poisoned.
Dowan misses you. The orc barely misses you.
You bite Dowan!
Dowan is heavily wounded.
Dowan hits you with a +0 dagger.
* * * LOW HITPOINT WARNING * * *
The orc closely misses you. Dowan hits you with a +0 dagger.
* * * LOW HITPOINT WARNING * * *
You barely miss Dowan.
Dowan is heavily wounded.
Dowan misses you. The orc hits you with a +0 short sword.
* * * LOW HITPOINT WARNING * * *
Unknown command.
You barely miss Dowan.
Dowan is severely wounded.
Dowan hits you with a +0 dagger.
You die...

#!#### #.........#
#....# .........#
###...####.......##
#.................#
#..........?......###
#......##......!.....
#.................###
####....e...........#
#...so#.......##..
#..##).#.....##
#..##...#......# .
#..###...##....>. #.
# ...# #.#.# ##.###
#..#.##)# #.#.## ..#
#...##.# #....# #.##
#....)####.#.####...
##.#..##.....†....#


You could see Dowan (fast, very poisoned) and an orc.

Vanquished Creatures
  Duvessa (D:4)
  Terence (D:2)
  6 adders
  A worm (D:2)
  A dart slug (D:3)
  3 orcs
  2 bats
  8 endoplasms
  3 giant cockroaches
  4 goblins
  14 hobgoblins
  3 jackals (D:1)
  4 quokkas
  7 ball pythons
  4 frilled lizards
  2 kobolds
  6 rats
70 creatures vanquished.

Notes
Turn   | Place    | Note
-------+----------+-------------------------------------------
     0 | D:1      | growler the Octopode Transmuter began the quest for the
                  | Orb.
     0 | D:1      | Reached XP level 1. HP: 13/13 MP: 3/3
   365 | D:1      | Reached XP level 2. HP: 15/18 MP: 3/5
   857 | D:1      | Found a faded altar of an unknown god.
  1424 | D:1      | Reached XP level 3. HP: 23/23 MP: 6/6
  1595 | D:2      | Found a stormy altar of Qazlal.
  1600 | D:2      | Learned a level 3 spell: Spider Form
  2064 | D:2      | Reached skill level 4 in Unarmed Combat
  2064 | D:2      | Reached XP level 4. HP: 20/28 MP: 5/7
  2162 | D:2      | Noticed Terence
  2172 | D:2      | HP: 1/28 [Terence/+0 flail (6)]
  2174 | D:2      | Killed Terence
  3453 | D:3      | Found a white marble altar of Elyvilon.
  3466 | D:3      | Reached XP level 5. HP: 33/33 MP: 9/9
  4284 | D:4      | Noticed Duvessa
  4421 | D:4      | Noticed Dowan
  4430 | D:4      | Killed Duvessa
  4431 | D:4      | Reached skill level 5 in Unarmed Combat
  4431 | D:4      | Reached XP level 6. HP: 9/38 MP: 6/10
  4435 | D:4      | Slain by Dowan

Illustrated notes

Levels and vault maps discovered:
D:1:      nicolae_arrival_washed_ashore, layout_loops_corners,
          ebering_ecumenical_altar_mist
D:2:      layout_loops_ring, basic_altar, hangedman_decor_points,
          grunt_decor_mini_mirrors, uniq_terence
D:3:      minmay_angry_zag, layout_basic, mainiacjoe_overflow_boulevard
D:4:      layout_rooms, enter_ossuary_3, uniq_duvessa, uniq_ijyb

Skill      XL: |  1  2  3  4  5 |
---------------+----------------+-----
Unarmed Combat | 4 5 |  5.2
Transmutations | 3 |  3.5
Spellcasting   | 3 |  3.3
Fighting       | |  1.0
Dodging        | |  2.0

Action                   |  1- 3 |  4- 6 || total
-------------------------+-------+-------++-------
Melee: Unarmed           |    91 |    90 ||   181
       Constrict         |    21 |    17 ||    38
       Kick              |    10 |     5 ||    15
       Tentacles         |    17 |    12 ||    29
       Punch             |     6 |     2 ||     8
 Cast: Beastly Appendage |    11 |     3 ||    14
       Spider Form       |       |     1 ||     1
  Use: Potion            |       |     2 ||     2
 Stab: Sleeping          |     7 |    10 ||    17
Armor: Skin              |     6 |     5 ||    11
Dodge: Dodged            |    53 |    77 ||   130
